 Dungeon Crawl Stone Soup version 0.26-a0-757-g626ac9e51a (webtiles) character file.

Game seed: 18441134819970656879

36 miscthings the Sneak (level 3, -2/33 HPs)
             Began as a Palentonga Delver on Nov 8, 2020.
             Slain by a worm (4 damage)
             ... on level 2 of the Dungeon.
             The game lasted 00:01:02 (455 turns).

miscthings the Sneak (Palentonga Delver)             Turns: 455, Time: 00:01:03

Health: -2/33      AC:  4    Str: 16    XL:     3   Next: 19%
Magic:  3/3        EV:  9    Int: 10    God:
Gold:   53         SH:  0    Dex: 11    Spells: 2/2 levels left

rFire    . . .     SeeInvis +   a - +0 hand axe
rCold    . . .     Faith    .   (no shield)
rNeg     . . .     Spirit   .   b - +0 leather armour
rPois    .         Reflect  .   (no helmet)
rElec    .         Harm     .   (no cloak)
rCorr    .         Rampage  .   (no gloves)
MR       .....                  (no barding)
Stlth    ++........             (no amulet)
HPRegen  0.11/turn              (no ring)
MPRegen  0.08/turn              (no ring)

@: no status effects
A: large, rugged brown scales 3, see invisible, deformed body, roll, armoured
tail
a: Rolling Charge


You were on level 2 of the Dungeon.
You visited 1 branch of the dungeon, and saw 4 of its levels.

You collected 53 gold pieces.

Inventory:

Hand Weapons
 a - a +0 hand axe (weapon)
Armour
 b - a +0 leather armour (worn)
Wands
 g - a wand of digging (3)
Scrolls
 c - a scroll of fog
 d - a scroll of magic mapping
 e - a scroll of fear
 h - a scroll of identify {unknown}
 i - a scroll of amnesia {unknown}
Potions
 f - a potion of haste


   Skills:
 - Level 3.1 Fighting
 + Level 3.0 Axes
 - Level 1.6 Dodging
 - Level 3.6 Stealth


You had 2 spell levels left.
You didn't know any spells.
Your spell library was empty.

Dungeon Overview and Level Annotations

Branches:
Dungeon (5/15)
 Temple: D:4-7

Altars:

Annotations:
D:3 blank1's ghost, amateur GrFi


Innate Abilities, Weirdness & Mutations

You are completely covered in rugged brown scales. (AC +3, +7% HP)
You have supernaturally acute eyesight. (SInv)
Armour fits poorly on your strangely shaped body.
You can roll at foes to attack.
You have a long armoured tail.


Message History

You hit the goblin but do no damage. You tail-slap the goblin.
You kill the goblin!
Your Axes skill increases to level 3!
You hit the worm.
The worm is lightly wounded.
The worm bites you!
* * * LOW HITPOINT WARNING * * *
You hit the worm.
The worm is moderately wounded.
The rat twitches its whiskers.
You hit the worm.
The worm is moderately wounded.
You hit the rat.
You kill the rat!
The worm bites you.
* * * LOW HITPOINT WARNING * * *
You hit the worm.
The worm is moderately wounded.
The worm bites you.
You die...

##. ..r### ≈≈≈≈≈ #
...#### ..≈ #.###
##....... g. .#....##...#
#..## ≈. .....†...# #..#
g ##.....## #@#.## .
###..###..## ###w#>.#w..
...........###........≈.[
###.#####............≈.≈.
##....####!...... #
#.....#####......
..#######.(#............
≈.≈....##............###
# [..≈....†≈####.......#
.#


You could see a worm.

Vanquished Creatures
  2 adders (D:2)
  A worm (D:2)
  3 goblins
  A hobgoblin (D:2)
  A jackal (D:2)
  2 bats
  4 kobolds (D:3)
  3 rats
17 creatures vanquished.

Notes
Turn   | Place    | Note
-------+----------+-------------------------------------------
     0 | D:5      | miscthings the Palentonga Delver began the quest for the
                  | Orb.
     0 | D:5      | Reached XP level 1. HP: 20/20 MP: 1/1
    83 | D:3      | Noticed blank1's ghost (amateur GrFi)
   289 | D:2      | Reached XP level 2. HP: 22/27 MP: 2/2
   328 | D:2      | Reached XP level 3. HP: 25/33 MP: 3/3
   455 | D:2      | Slain by a worm

Illustrated notes

Levels and vault maps discovered:
D:2:      layout_rooms, serial_rivers, chequers_serial_rivers_small_3,
          chequers_serial_rivers_micro_a, chequers_serial_rivers_micro_c,
          chequers_serial_rivers_micro_e, minmay_hexomino_f4, uniq_natasha,
          uniq_terence, uniq_crazy_yiuf_cottage
D:3:      layout_loops_corners, gammafunk_ghost_icy, nrook_mini_backslash,
          minmay_crystal_room
D:4:      layout_rooms, minitemple, interstate_on_off,
          minmay_misc_feat_diagonals, minmay_misc_feat_chi,
          grunt_decor_mini_mirrors, minmay_door_square, grunt_ministairs_14,
          chequers_serial_rivers_room_b, roderic_nine_men_s_morris,
          solitary_fountain, uniq_robin, uniq_grinder
D:5:      layout_basic, trog_wizard

Skill      XL: |  1  2  3 |
---------------+----------+-----
Axes           | 3 |  3.0
Fighting       | |  3.1
Dodging        | |  1.6
Stealth        | |  3.6

Action                   || total
-------------------------++-------
Melee: Hand axe          ||    56
       Tailslap          ||     3
 Abil: Rolling Charge    ||     6
 Stab: Sleeping          ||     1
Armor: Leather armour    ||    18
Dodge: Dodged            ||    18

Table legend: (Time is in decaauts)
 A = Elapsed time spent in this place.
 B = Non-inter-level travel time spent in this place.
 C = Inter-level travel time spent in this place.
 D = Time resting spent in this place.
 E = Time spent auto-exploring this place.
 F = Levels seen in this place.
 G = Mean time per level.
                   A        B        C        D        E       F      G
               +--------+--------+--------+--------+--------+-----+--------+
         Total |    463 |    422 |     41 |     79 |    193 |   4 |  115.8 |
       Dungeon |    463 |    422 |     41 |     79 |    193 |   4 |  115.8 |
               +--------+--------+--------+--------+--------+-----+--------+

Top non-repeatable levels by time:
     D:3: 254 daAuts
     D:2: 188 daAuts
     D:5: 11 daAuts
     D:4: 9 daAuts
